 Dungeon Crawl Stone Soup version 0.19.1 (webtiles) character file.

5799 Ladykiller69 the Grappler (level 10, -2/90 HPs)
             Began as a Ghoul Chaos Knight on Dec 23, 2016.
             Slain by a yak (12 damage)
             ... on level 8 of the Dungeon.
             The game lasted 00:25:10 (7212 turns).

Ladykiller69 the Grappler (Ghoul Chaos Knight)      Turns: 7212, Time: 00:25:10

Health: -2/90      AC:  8    Str: 17    XL:     10   Next: 79%
Magic:  9/9        EV: 14    Int:  7    God:    Xom [...*..]
Gold:   273        SH:  0    Dex: 11    Spells: 0 memorised, 9 levels left

rFire  . . .     SeeInvis .       - Unarmed
rCold  + . .     Gourm    .     a - +2 leather armour
rNeg   + + +     Faith    .     (no shield)
rPois  ∞         Spirit   .     n - +0 helmet
rElec  .         Reflect  .     G - +0 cloak
rCorr  .         Harm     .     (no gloves)
MR     +....     Rnd*Tele +     (no boots)
Stlth  +.........               (no amulet)
                                u - ring of protection from magic
                                l - ring of teleportation (curse)

@: rotting
A: rotting body, claws 1, carnivore 3, cold resistance 1, negative energy
resistance 3, slow regeneration 1, torment resistance, unbreathing
a: Renounce Religion


You were on level 8 of the Dungeon.
You worshipped Xom.
You were a favourite toy of Xom.
You were not hungry.

You visited 1 branch of the dungeon, and saw 9 of its levels.

You collected 348 gold pieces.
You spent 75 gold pieces at shops.

Inventory:

Missiles
 c - 173 stones (quivered)
 y - 6 javelins
 C - 9 tomahawks
Armour
 a - a +2 leather armour (worn)
 n - a +0 helmet (worn)
 B - a +0 large shield
 G - a +0 cloak (worn)
 L - the +1 leather armour of Infinity {rPois Int+3}
   (You found it on level 7 of the Dungeon)

   It affects your intelligence (+3).
   It protects you from poison.
Magical Staves
 N - an uncursed staff of fire
Jewellery
 l - a cursed ring of teleportation (left claw)
 u - a ring of protection from magic (right claw)
 A - an uncursed ring of positive energy
Wands
 z - a wand of iceblast (9/15)
 D - a wand of lightning (7/15)
 F - a wand of random effects (30/48)
Scrolls
 g - 5 scrolls of magic mapping
 h - 2 scrolls of noise
 i - a scroll of torment
 k - 3 scrolls of remove curse
 m - 2 scrolls of recharging
 s - a scroll of random uselessness
 t - 2 scrolls of amnesia
 v - 3 scrolls of teleportation
 E - a scroll of blinking
 H - a scroll of brand weapon {unknown}
 K - 3 scrolls of immolation
 O - a scroll of fear {unknown}
 P - 2 scrolls of enchant armour
 S - a scroll of identify
Potions
 e - 9 potions of curing
 f - 2 potions of flight {unknown}
 j - 3 potions of berserk rage {unknown}
 o - 2 potions of brilliance {unknown}
 p - a potion of lignification {unknown}
 q - a potion of cancellation {unknown}
 r - 4 potions of heal wounds {unknown}
 w - a potion of agility {unknown}
 x - 3 potions of degeneration {unknown}
 M - a potion of resistance {unknown}
 Q - a potion of might {unknown}
Books
 J - a book of Conjurations

   Spells                             Type                      Level
   a - Magic Dart                     Conjuration                  1
   b - Searing Ray                    Conjuration                  2
   c - Dazzling Spray                 Conjuration/Hexes            3
   d - Fulminant Prism                Conjuration/Hexes            4
   e - Iskenderun's Mystic Blast      Conjuration                  4
   f - Iskenderun's Battlesphere      Conjuration/Charms           5
Comestibles
 b - 4 meat rations
 d - 4 beef jerkies
 I - a slice of pizza


   Skills:
 + Level 8.4 Fighting
 + Level 7.1 Armour
 + Level 6.5 Dodging
 * Level 11.0 Unarmed Combat


You had 9 spell levels left.
You didn't know any spells.

Dungeon Overview and Level Annotations

Branches:
Dungeon (9/15)             Temple (0/1) D:6            Lair (0/6) D:8
    Orc (0/2) D:9

Altars:
Elyvilon
Makhleb
Qazlal
Trog
Xom
The Shining One

Shops:
D:8 ??(*:

Annotations:
D:9 Gastronok


Innate Abilities, Weirdness & Mutations

Your body is rotting away.
You thrive on raw meat.
You are immune to poison.
You have sharp fingernails.
You are carnivorous and can eat meat at any time.
Your flesh is cold resistant. (rC+)
You are immune to negative energy. (rN+++)
You regenerate slowly when monsters are visible.
You are immune to unholy pain and torment.
You can survive without breathing.


Message History

Eat one of 2 chunks of flesh? (ye/n/q)
You start eating one of the 2 chunks of flesh.
The yak gores you.
* * * LOW HITPOINT WARNING * * *
This raw flesh tastes great!
Eat a chunk of flesh? (ye/n/q)
You start eating the chunk of flesh.
The yak gores you!
* * * LOW HITPOINT WARNING * * *
This raw flesh tastes great!
You scratch the yak.
The yak is moderately wounded.
You claw the yak!
The yak is heavily wounded.
Xom's power touches on a nearby monster.
The yak seems to slow down.
The yak gores you.
* * * LOW HITPOINT WARNING * * *
You claw the yak!
The yak is severely wounded.
The yak gores you!
You die...

####...#######..≈≈≈....##.......#
######........)))......##.......#
.............................#..#
###############......####......##
#.......##########
#.............# #......##.....#
#......####...# #Y@....# #####
########


You could see a yak.

Vanquished Creatures
  Pikel (D:6)
  Maurice (D:8)
  The ghost of NNNN the Ruffian, an amateur NaTm (D:4)
  2 hippogriffs
  A spriggan (D:8)
  2 hell hounds (D:8)
  2 water moccasins
  Duvessa (D:6)
  2 orc warriors (D:8)
  2 ice beasts
  A slave (D:6)
  A black bear (D:8)
  2 phantoms (D:7)
  6 necrophages
  4 centaurs
  An ogre (D:5)
  A crocodile (D:8)
  A big kobold (D:7)
  4 bullfrogs
  Blork the orc (D:5)
  Dowan (D:6)
  2 scorpions
  6 wights (D:8)
  A howler monkey (D:6)
  2 bullfrog zombies
  5 crimson imps
  A quasit (D:8)
  A centaur zombie (D:3)
  5 orc priests
  5 hounds
  A bullfrog skeleton (D:6)
  6 worker ants
  3 iguanas
  8 orc wizards
  A hound zombie (D:5)
  A mummy (D:8)
  A howler monkey skeleton (D:4)
  A worker ant zombie (D:8)
  10 adders
  2 shadow imps
  An ooze (D:5)
  2 adder zombies (D:8)
  2 adder skeletons
  6 worms
  A dart slug (D:2)
  4 leopard geckos
  32 orcs
  5 bats
  2 giant cockroaches (D:2)
  5 goblins
  4 hobgoblins
  6 jackals
  15 kobolds
  2 quokkas
  3 ball pythons
  6 frilled lizards
  A jackal skeleton (D:6)
  A jackal zombie (D:8)
  A leopard gecko zombie (D:8)
  A quokka skeleton (D:9)
  5 rats
205 creatures vanquished.

Vanquished Creatures (collateral kills)
  A scorpion (D:4)
  2 orc wizards
  2 adders
  An ooze (D:3)
  2 orcs (D:4)
  A giant cockroach (D:3)
  A goblin (D:3)
  A hobgoblin (D:3)
11 creatures vanquished.

Vanquished Creatures (others)
  A howler monkey (D:6)
1 creature vanquished.

Grand Total: 217 creatures vanquished

Notes
Turn   | Place    | Note
-------+----------+-------------------------------------------
     0 | D:1      | Ladykiller69 the Ghoul Chaos Knight began the quest for the Orb.
     0 | D:1      | Reached XP level 1. HP: 19/19 MP: 0/0
    27 | D:1      | Reached skill level 1 in Dodging
   171 | D:1      | Found a glowing golden altar of the Shining One.
   181 | D:1      | XOM: harmless Necr miscast
   184 | D:1      | Reached XP level 2. HP: 24/26 MP: 1/1
   245 | D:1      | XOM: divination: detect items
   576 | D:1      | XOM: cloud trail
  1180 | D:2      | Found a faded altar of an unknown god.
  1217 | D:2      | XOM: snakes to sticks
  1223 | D:2      | Reached XP level 3. HP: 30/31 MP: 2/2
  1265 | D:2      | Found a white marble altar of Elyvilon.
  1309 | D:2      | Reached skill level 4 in Unarmed Combat
  1385 | D:2      | XOM: snakes to sticks
  1473 | D:2      | XOM is BORED!
  1502 | D:2      | XOM: scenery: create altars
  1664 | D:3      | XOM: divination: detect items
  1669 | D:2      | XOM: butterfly on damage
  1670 | D:2      | HP: 1/31 [orc priest/club (3)]
  1674 | D:2      | Reached XP level 4. HP: 9/40 MP: 3/3
  1681 | D:2      | XOM: cloud trail
  1712 | D:2      | XOM: enchant monster (good)
  1869 | D:3      | XOM: 1-stop teleportation journey
  1883 | D:3      | Reached XP level 5. HP: 19/46 MP: 4/4
  2152 | D:3      | XOM: polymorph orc -> ball python
  2182 | D:3      | Found a burning altar of Makhleb.
  2311 | D:4      | Noticed NNNN's ghost (amateur NaTm)
  2321 | D:4      | XOM: cleaving
  2326 | D:4      | XOM: divine lightning (protected)
  2329 | D:4      | XOM: enchant monster (good)
  2338 | D:4      | Killed NNNN's ghost
  2338 | D:4      | Reached skill level 5 in Unarmed Combat
  2338 | D:4      | Reached XP level 6. HP: 13/53 MP: 5/5
  2516 | D:4      | XOM: summons 2 friendly demons
  2922 | D:4      | Reached XP level 7. HP: 60/60 MP: 6/6
  3096 | D:5      | Entered Level 5 of the Dungeon
  3112 | D:5      | Found Duacretz's Gadget Shop.
  3180 | D:5      | HP: 1/60 [centaur (6)]
  3440 | D:5      | XOM: scenery: 3 doors open
  3445 | D:5      | Reached skill level 5 in Fighting
  3555 | D:5      | Reached skill level 6 in Unarmed Combat
  3726 | D:5      | Noticed Blork the orc
  3742 | D:5      | XOM: confuse monster(s)
  3751 | D:5      | Killed Blork the orc
  3802 | D:5      | Reached XP level 8. HP: 69/69 MP: 7/7
  4272 | D:6      | Reached skill level 7 in Unarmed Combat
  4309 | D:6      | Noticed Pikel
  4330 | D:6      | Killed Pikel
  4330 | D:6      | Reached skill level 5 in Armour
  4339 | D:6      | Reached skill level 8 in Unarmed Combat
  4347 | D:6      | XOM: medium Divn miscast
  4377 | D:6      | Found a staircase to the Ecumenical Temple.
  4428 | D:6      | XOM: god gift: scroll labeled PARAT ICECRI {god gift}
  4465 | D:6      | Reached XP level 9. HP: 74/75 MP: 8/8
  4483 | D:6      | XOM: cloud trail
  4486 | D:6      | Noticed Duvessa
  4488 | D:6      | Noticed Dowan
  4489 | D:6      | XOM: scenery: create altars
  4498 | D:6      | Killed Duvessa
  4502 | D:6      | Killed Dowan
  4544 | D:6      | XOM: scenery: 1 doors open
  4738 | D:6      | XOM: confusion (+ monsters)
  5077 | D:7      | Reached skill level 5 in Dodging
  5126 | D:7      | Got an ichor-stained leather armour
  5137 | D:7      | Identified the +1 leather armour of Infinity {rPois Int+3} (You found it on level 7 of the Dungeon)
  5222 | D:7      | XOM: summons 4 hostile demons
  5283 | D:7      | Reached skill level 9 in Unarmed Combat
  5398 | D:7      | XOM: summons 4 hostile demons
  5399 | D:7      | Noticed a soul eater
  5423 | D:8      | Found Geehiz's Weapon Boutique.
  5491 | D:7      | XOM: 1-stop teleportation journey
  5735 | D:7      | XOM: potion effect (agility)
  6211 | D:8      | XOM: scenery: 1 doors open
  6229 | D:8      | Found Tatoroeg's Book Shop.
  6254 | D:8      | Found Maliamn's General Store.
  6359 | D:8      | Reached XP level 10. HP: 79/86 MP: 9/9
  6364 | D:8      | Found Woneudyo's Magic Scroll Boutique.
  6364 | D:8      | XOM: 2-stop teleportation journey
  6367 | D:8      | Bought a scroll of torment for 75 gold pieces
  6384 | D:8      | Reached skill level 10 in Unarmed Combat
  6471 | D:8      | XOM: summons friendly ufetubus
  6482 | D:8      | XOM: divination: detect items
  6522 | D:8      | Found a staircase to the Lair.
  6526 | D:8      | XOM: confuse monster(s)
  6727 | D:8      | Noticed Maurice
  6803 | D:8      | Found Bur Joapp's Magic Scroll Emporium.
  6883 | D:8      | Found a stormy altar of Qazlal.
  6895 | D:8      | Found a shimmering altar of Xom.
  6901 | D:8      | Found a glowing golden altar of the Shining One.
  6932 | D:8      | XOM: potion effect (brilliance)
  6961 | D:8      | Found a faded altar of an unknown god.
  6961 | D:8      | Found a faded altar of an unknown god.
  6966 | D:8      | Found a bloodstained altar of Trog.
  6968 | D:8      | Found a faded altar of an unknown god.
  6969 | D:8      | Found a faded altar of an unknown god.
  6985 | D:8      | Killed Maurice
  7022 | D:9      | Found a staircase to the Orcish Mines.
  7027 | D:9      | XOM: scenery: create altars
  7102 | D:9      | XOM: confuse monster(s)
  7122 | D:9      | XOM: divination: detect items
  7182 | D:9      | Reached skill level 11 in Unarmed Combat
  7192 | D:9      | Noticed Gastronok
  7201 | D:9      | XOM: scenery: create altars
  7209 | D:8      | HP: 3/90 [yak (11)]
  7211 | D:8      | XOM: enchant monster (good)
  7212 | D:8      | Slain by a yak

Skill      XL: |  1  2  3  4  5  6  7  8  9 10 |
---------------+-------------------------------+-----
Dodging        | 1 2 3 4 5 6 |  6.5
Armour         | 2 3 4 5 6 7 |  7.1
Unarmed Combat | 4 5 6 8 9 11 | 11.0
Fighting       | 4 5 6 7 8 |  8.4

Action                   |  1- 3 |  4- 6 |  7- 9 | 10-12 || total
-------------------------+-------+-------+-------+-------++-------
Melee: Unarmed           |   157 |   120 |   407 |   246 ||   930
       Punch             |       |     1 |    17 |    10 ||    28
Evoke: Wand              |       |       |     1 |       ||     1
  Use: Scroll            |       |       |    11 |       ||    11
 Stab: Petrified         |       |    16 |       |       ||    16
       Petrifying        |       |     1 |       |       ||     1
       Distracted        |       |     1 |       |       ||     1
       Confused          |       |       |     2 |       ||     2
  Eat: Chunk             |     9 |    10 |    24 |    22 ||    65
Armor: Leather armour    |    49 |    30 |   120 |    59 ||   258
Dodge: Dodged            |    93 |    46 |   238 |   160 ||   537
